 Dungeon Crawl Stone Soup version 0.24.1-14-gf8d2b509d9 (webtiles) character file.

Game seed: 15098639210238628319, levelgen mode: deterministic

35924 Hugehornet the Thaumaturge (level 13, -6/108 HPs)
             Began as a Gnoll Wizard on May 21, 2020.
             Was an Initiate of Gozag.
             Mangled by a sixfirhy (12 damage)
             ... on level 6 of the Lair of Beasts.
             The game lasted 01:46:37 (27236 turns).

Hugehornet the Thaumaturge (Gnoll Wizard)          Turns: 27236, Time: 01:46:39

Health: -6/108     AC: 16    Str: 11    XL:     13   Next: 87%
Magic:  28/28      EV: 19    Int: 25    God:    Gozag
Gold:   765        SH: 11    Dex: 19    Spells: 6/34 levels left

rFire    . . .     SeeInvis .   U - +6 flail (freeze)
rCold    . . .     Gourm    .   V - +0 buckler
rNeg     . . .     Faith    .   S - +5 leather armour "Daramni" {Dex+6}
rPois    +         Spirit   .   A - +0 helmet
rElec    .         Reflect  .   r - +0 cloak
rCorr    .         Harm     .   C - +2 pair of gloves
MR       +....                  p - +0 pair of boots
Stlth    ++++......             b - amulet of the acrobat
HPRegen  0.28/turn              n - ring of protection from magic
MPRegen  0.21/turn              y - ring of poison resistance

@: about to teleport
A: distributed training, fangs 1, large bone plates 1, robust 1, strong nose
a: Potion Petition, Call Merchant, Bribe Branch, Renounce Religion


You were on level 6 of the Lair of Beasts.
You worshipped Gozag.
Gozag was pleased with you.
You were not hungry.

You visited 2 branches of the dungeon, and saw 17 of its levels.

You collected 5174 gold pieces.
You spent 705 gold pieces at shops.
You paid 3704 gold pieces to Gozag.

Inventory:

Hand Weapons
 v - a +2 vampiric falchion
 N - a +0 long sword of holy wrath
 O - a +2 spear of flaming
 U - a +6 flail of freezing (weapon)
Armour
 p - a +0 pair of boots (worn)
 r - a +0 cloak (worn)
 A - a +0 helmet (worn)
 C - a +2 pair of gloves (worn)
 S - the +5 leather armour "Daramni" (worn) {Dex+6}
   (You found it on level 10 of the Dungeon)

   It affects your dexterity (+6).
 V - a +0 buckler (worn)
Magical Staves
 D - an uncursed staff of power
 P - an uncursed staff of poison
Jewellery
 b - an amulet of the acrobat (around neck)
 c - a +3 ring of slaying
 n - a ring of protection from magic (left hand)
 t - an uncursed ring of resist corrosion
 w - an uncursed ring of protection from fire
 y - a ring of poison resistance (right hand)
 I - an uncursed ring of stealth
 Q - an uncursed ring of stealth
Wands
 d - a wand of polymorph (13)
 B - a wand of clouds (4)
 H - a wand of flame (42)
 J - a wand of paralysis (21)
 W - a wand of digging (1)
 Z - a wand of iceblast (5)
Scrolls
 e - 2 scrolls of enchant armour
 f - a scroll of fog
 i - a scroll of summoning {unknown}
 j - 7 scrolls of remove curse
 m - 6 scrolls of teleportation
 s - 2 scrolls of random uselessness {unknown}
 u - a scroll of torment {unknown}
 x - 2 scrolls of magic mapping
 F - 3 scrolls of immolation
 G - a scroll of blinking {unknown}
 M - a scroll of noise {unknown}
 R - a scroll of fear {unknown}
Potions
 a - 4 potions of ambrosia
 g - a potion of might
 h - 4 potions of cancellation
 l - 2 potions of resistance
 q - a potion of berserk rage
 z - 2 potions of agility
 E - 4 potions of curing
 K - 2 potions of magic
 L - 4 potions of haste
 X - a potion of flight
 Y - a potion of invisibility
Comestibles
 o - 10 rations


   Skills:
 + Level 8.5 Fighting
 + Level 8.5 Short Blades
 + Level 8.5 Long Blades
 + Level 8.5 Axes
 + Level 8.5 Maces & Flails
 + Level 8.5 Polearms
 + Level 8.5 Staves
 + Level 8.5 Slings
 + Level 8.5 Bows
 + Level 8.5 Crossbows
 + Level 8.5 Throwing
 + Level 8.5 Armour
 + Level 9.7 Dodging
 + Level 9.5 Stealth
 + Level 8.5 Shields
 + Level 8.5 Unarmed Combat
 + Level 11.0 Spellcasting
 + Level 7.4 Conjurations
 + Level 7.1 Hexes
 + Level 7.1 Charms
 + Level 7.4 Summonings
 + Level 7.1 Necromancy
 + Level 7.4 Translocations
 + Level 7.1 Transmutations
 + Level 7.1 Fire Magic
 + Level 7.1 Ice Magic
 + Level 7.1 Air Magic
 + Level 7.1 Earth Magic
 + Level 7.1 Poison Magic
 + Level 9.3 Invocations
 + Level 8.5 Evocations


You had 6 spell levels left.
You knew the following spells:

 Your Spells              Type           Power        Failure   Level  Hunger
a - Magic Dart            Conj           ####         1%          1    None
b - Blink                 Tloc           N/A          1%          2    None
c - Call Imp              Summ           ######..     1%          2    None
d - Slow                  Hex            #####...     1%          2    None
e - Mephitic Cloud        Conj/Pois/Air  ######..     1%          3    None
f - Conjure Flame         Conj/Fire      ######..     1%          3    None
g - Fireball              Conj/Fire      ######....   8%          5    ####...
h - Dazzling Spray        Conj/Hex       ######       1%          3    None
i - Iskenderun's Mystic   Conj           ######..     2%          4    None
k - Ignite Poison         Fire/Tmut/Pois #####...     1%          3    None

Your spell library contained the following spells:

 Spells                   Type           Power        Failure   Level  Hunger
 Ensorcelled Hibernation  Hex/Ice        #####.       1%          2    None
 Searing Ray              Conj           ######       1%          2    None
 Force Lance              Conj/Tloc      ######..     2%          4    None
 Fulminant Prism          Conj/Hex       ######....   2%          4    None
 Borgnjor's Vile Clutch   Necr/Erth      #####.....   9%          5    ####...
 Silence                  Hex/Air        #####.....   9%          5    ####...
 Shadow Creatures         Summ           N/A          38%         6    #####..
 Bolt of Fire             Conj/Fire      ######....   41%         6    #####..
 Darkness                 Hex            #####.....   43%         6    #####..
 Ring of Flames           Chrm/Fire      #####.....   95%         7    #######
 Ignition                 Fire           #####.....   100%        8    #######


Dungeon Overview and Level Annotations

Branches:
Dungeon (11/15)            Temple (0/1) D:5            Lair (6/6) D:10
 Shoals (0/4) Lair:2       Spider (0/4) Lair:2        Slime (0/5) Lair:5
    Orc (0/2) D:9

Altars:
Ashenzari
Cheibriados
Dithmenos
Fedhas
Gozag
Makhleb
Qazlal
Wu Jian
Yredelemnul
The Shining One
Jiyva

Shops:
D:6 %   D:10 !   Lair:2 !   Lair:4 :

Annotations:
D:10 2 transporters
Lair:6 2 transporters, Raghakhloru's ghost, journeyman TrAs


Innate Abilities, Weirdness & Mutations

Your experience applies equally to all skills.
You have very sharp teeth.
Your uncanny sense of smell can sniff out nearby items.
You are partially covered in large bone plates. (SH +4)
You are robust. (+10% HP)


Message History

The sixfirhy hits you! The sixfirhy shocks you!
You block the orange demon's attack. The red devil barely misses you.
The sixfirhy hits you!
* * * LOW HITPOINT WARNING * * *
The sixfirhy shocks you!
* * * LOW HITPOINT WARNING * * *
Okay, then.
Unknown command.
Okay, then.
As you read the scroll of fog, it crumbles to dust.
The scroll dissolves into smoke.
You block the sixfirhy's attack. The orange demon closely misses you.
The red devil hits you but does no damage.
As you read the scroll of teleportation, it crumbles to dust.
You feel strangely unstable. The sixfirhy misses you.
The sixfirhy closely misses you. The sixfirhy hits you!
* * * LOW HITPOINT WARNING * * *
The sixfirhy shocks you!
You die...
Your body crumbles into a pile of gold.

.............#########+♣♣♣♣♣
♣ ....8....8...#........# ♣♣
.............'...8.8..# ♣.
##############..8.#...# ♣♣.
......#§..8.#..# ♣♣..
.....4#.§#.8...# ♣... $
._44h4§§§§#.8..# ♣...
.4....#§§8.8...# ♣♣.. ≈....
#§3@.....# ♣♣♣ ≈≈≈#
########## ≈≈ #


You could see a sixfirhy.

Vanquished Creatures
  7 hydras
  A two-headed ogre (D:10)
  A wizard (Lair:6)
  Pikel (D:7)
  An oklob plant (Lair:1)
  A manticore (D:11)
  A wolf spider (Lair:2)
  Maurice (D:10)
  5 elephants (Lair:4)
  3 merfolk sirens (Lair:2)
  11 spiny frogs
  9 rime drakes
  4 komodo dragons
  A polar bear (Lair:6)
  A merfolk (Lair:2)
  Prince Ribbit (D:6)
  10 blink frogs
  7 hippogriffs
  2 redbacks (Lair:2)
  3 wyverns
  A spriggan (D:7)
  25 yaks
  2 basilisks
  Grum (D:9)
  8 steam dragons (Lair:3)
  2 hungry ghosts (D:8)
  An acid dragon (Lair:3)
  10 water moccasins
  3 hell hounds (Lair:6)
  9 porcupines
  2 black bears (Lair:1)
  A phantom (D:10)
  2 orc warriors
  2 ice beasts
  A slave (D:7)
  8 ogres
  3 sky beasts
  8 centaurs
  2 necrophages
  20 wolves
  14 crocodiles
  A big kobold (D:9)
  13 bullfrogs
  2 gnoll sergeants (D:9)
  3 scorpions
  4 killer bees (D:9)
  An electric eel (Lair:5)
  8 wights
  5 howler monkeys
  3 crimson imps
  2 bullfrog zombies
  4 centaur zombies
  4 quasits
  2 hounds
  Crazy Yiuf (D:7)
  8 orc priests
  2 jellies
  A centaur skeleton (D:5)
  4 iguanas
  4 orc wizards
  10 worker ants
  A killer bee zombie (D:9)
  A hound zombie (D:5)
  A hound skeleton (D:11)
  2 howler monkey zombies
  3 worker ant zombies
  14 adders
  8 gnolls (D:9)
  A shadow imp (D:8)
  2 oozes
  An adder skeleton (D:4)
  A worm (D:2)
  7 leopard geckos
  38 orcs
  7 bats
  4 giant cockroaches
  8 hobgoblins
  8 jackals
  9 kobolds
  5 quokkas
  2 ball pythons
  7 frilled lizards
  6 goblins
  2 quokka skeletons
  2 quokka zombies
  6 rats
  3 plants
427 creatures vanquished.

Vanquished Creatures (collateral kills)
  An oklob plant (D:10)
  A jumping spider (Lair:2)
  A killer bee (D:9)
  An orc (D:9)
  A fungus (Lair:1)
5 creatures vanquished.

Vanquished Creatures (others)
  A rime drake (Lair:3)
  A slave (D:7)
  A jelly (D:7)
  5 fungi
  2 plants
10 creatures vanquished.

Grand Total: 442 creatures vanquished

Notes
Turn   | Place    | Note
-------+----------+-------------------------------------------
     0 | D:1      | Hugehornet the Gnoll Wizard began the quest for the Orb.
     0 | D:1      | Reached XP level 1. HP: 13/13 MP: 8/8
    42 | D:1      | Reached XP level 2. HP: 18/19 MP: 0/10
   145 | D:1      | Learned a level 2 spell: Blink
   148 | D:1      | Learned a level 2 spell: Call Imp
   151 | D:1      | Learned a level 2 spell: Slow
   463 | D:1      | You fall into a shaft and drop 1 floor!
   495 | D:1      | Reached XP level 3. HP: 19/25 MP: 0/11
   782 | D:1      | Learned a level 3 spell: Mephitic Cloud
   786 | D:1      | Learned a level 3 spell: Conjure Flame
   974 | D:2      | Reached skill level 1 in Invocations
  1014 | D:2      | Found a stormy altar of Qazlal.
  1062 | D:2      | Found an opulent altar of Gozag.
  1123 | D:2      | Became a worshipper of Gozag Ym Sagoz the Greedy
  1196 | D:2      | Reached skill level 1 in Fighting
  1196 | D:2      | Reached skill level 1 in Short Blades
  1196 | D:2      | Reached skill level 1 in Long Blades
  1196 | D:2      | Reached skill level 1 in Axes
  1196 | D:2      | Reached skill level 1 in Maces & Flails
  1196 | D:2      | Reached skill level 1 in Polearms
  1196 | D:2      | Reached skill level 1 in Staves
  1196 | D:2      | Reached skill level 1 in Slings
  1196 | D:2      | Reached skill level 1 in Bows
  1196 | D:2      | Reached skill level 1 in Crossbows
  1196 | D:2      | Reached skill level 1 in Throwing
  1196 | D:2      | Reached skill level 1 in Armour
  1196 | D:2      | Reached skill level 1 in Shields
  1196 | D:2      | Reached skill level 1 in Unarmed Combat
  1196 | D:2      | Reached skill level 1 in Evocations
  1196 | D:2      | Reached XP level 4. HP: 32/32 MP: 2/13
  1401 | D:2      | Found a glowing golden altar of the Shining One.
  1912 | D:3      | Reached skill level 1 in Hexes
  1912 | D:3      | Reached skill level 1 in Charms
  1912 | D:3      | Reached skill level 1 in Necromancy
  1912 | D:3      | Reached skill level 1 in Transmutations
  1912 | D:3      | Reached skill level 1 in Fire Magic
  1912 | D:3      | Reached skill level 1 in Ice Magic
  1912 | D:3      | Reached skill level 1 in Air Magic
  1912 | D:3      | Reached skill level 1 in Earth Magic
  1912 | D:3      | Reached skill level 1 in Poison Magic
  2112 | D:3      | Reached XP level 5. HP: 35/37 MP: 6/14
  2935 | D:3      | Reached XP level 6. HP: 44/44 MP: 4/16
  3650 | D:4      | Reached skill level 5 in Dodging
  3963 | D:4      | Found a burning altar of Makhleb.
  4052 | D:4      | Learned a level 2 spell: Searing Ray
  4056 | D:4      | Learned a level 3 spell: Dazzling Spray
  4084 | D:5      | Entered Level 5 of the Dungeon
  4431 | D:5      | Noticed a necrophage
  4447 | D:5      | Killed a necrophage
  4447 | D:5      | Reached XP level 7. HP: 35/49 MP: 14/18
  5099 | D:5      | Reached skill level 5 in Stealth
  5440 | D:5      | Found a staircase to the Ecumenical Temple.
  5656 | D:6      | Reached XP level 8. HP: 50/56 MP: 9/19
  5990 | D:6      | Noticed Prince Ribbit
  6002 | D:6      | Killed Prince Ribbit
  6060 | D:6      | Bought a ration for 65 gold pieces
  6060 | D:6      | Bought a ration for 65 gold pieces
  6060 | D:6      | Bought a ration for 65 gold pieces
  6060 | D:6      | Bought a ration for 65 gold pieces
  6060 | D:6      | Bought a ration for 65 gold pieces
  6060 | D:6      | Bought a ration for 65 gold pieces
  6129 | D:6      | Found an opulent altar of Gozag.
  6254 | D:6      | Reached skill level 8 in Spellcasting
  6840 | D:7      | Reached XP level 9. HP: 65/65 MP: 14/21
  6903 | D:7      | Found a shadowy altar of Dithmenos.
  6940 | D:7      | Noticed Pikel
  6965 | D:7      | Killed Pikel
  7404 | D:7      | Found a runed translucent door.
  7405 | D:7      | Noticed Crazy Yiuf
  8123 | D:7      | Killed Crazy Yiuf
  8801 | D:8      | Reached skill level 5 in Invocations
  9316 | D:8      | Reached XP level 10. HP: 73/73 MP: 6/22
  9824 | D:8      | Found a blossoming altar of Fedhas.
  9907 | D:8      | Learned a level 4 spell: Iskenderun's Mystic Blast
 10513 | D:9      | Reached skill level 5 in Fighting
 10513 | D:9      | Reached skill level 5 in Short Blades
 10513 | D:9      | Reached skill level 5 in Long Blades
 10513 | D:9      | Reached skill level 5 in Axes
 10513 | D:9      | Reached skill level 5 in Maces & Flails
 10513 | D:9      | Reached skill level 5 in Polearms
 10513 | D:9      | Reached skill level 5 in Staves
 10513 | D:9      | Reached skill level 5 in Slings
 10513 | D:9      | Reached skill level 5 in Bows
 10513 | D:9      | Reached skill level 5 in Crossbows
 10513 | D:9      | Reached skill level 5 in Throwing
 10513 | D:9      | Reached skill level 5 in Armour
 10513 | D:9      | Reached skill level 5 in Shields
 10513 | D:9      | Reached skill level 5 in Unarmed Combat
 10513 | D:9      | Reached skill level 5 in Evocations
 11140 | D:9      | Found a staircase to the Orcish Mines.
 11246 | D:9      | Found a shattered altar of Ashenzari.
 11246 | D:9      | Found a snail-covered altar of Cheibriados.
 11264 | D:9      | Noticed Grum
 11268 | D:9      | You fall into a shaft and drop 1 floor!
 11268 | D:10     | Entered Level 10 of the Dungeon
 11335 | D:10     | Noticed a two-headed ogre
 11364 | D:10     | Found a staircase to the Lair.
 11365 | D:10     | Noticed an oklob plant
 11790 | D:10     | Killed a two-headed ogre
 11790 | D:10     | Reached skill level 9 in Spellcasting
 11790 | D:10     | Reached skill level 5 in Conjurations
 11790 | D:10     | Reached skill level 5 in Summonings
 11790 | D:10     | Reached skill level 5 in Translocations
 12262 | D:9      | Killed Grum
 12867 | D:9      | Reached XP level 11. HP: 69/80 MP: 1/24
 13204 | D:9      | Found an ornate altar of the Wu Jian Council.
 13494 | D:10     | Noticed Maurice
 13632 | D:10     | Killed Maurice
 13979 | D:10     | Noticed an orc high priest
 13982 | D:10     | Found a transporter.
 13991 | D:10     | Found a transporter.
 14017 | D:10     | Noticed an orc high priest
 14309 | D:10     | Bought a potion of magic for 96 gold pieces
 14309 | D:10     | Bought a potion of haste for 120 gold pieces
 14778 | D:10     | Reached skill level 5 in Hexes
 14778 | D:10     | Reached skill level 5 in Charms
 14778 | D:10     | Reached skill level 5 in Necromancy
 14778 | D:10     | Reached skill level 5 in Transmutations
 14778 | D:10     | Reached skill level 5 in Fire Magic
 14778 | D:10     | Reached skill level 5 in Ice Magic
 14778 | D:10     | Reached skill level 5 in Air Magic
 14778 | D:10     | Reached skill level 5 in Earth Magic
 14778 | D:10     | Reached skill level 5 in Poison Magic
 14842 | D:10     | Learned a level 4 spell: Force Lance
 15439 | D:10     | Got a distressingly furry leather armour
 15450 | D:10     | Identified the +5 leather armour "Daramni" {Dex+6} (You
                  | found it on level 10 of the Dungeon)
 16725 | D:11     | Noticed a manticore
 16737 | D:11     | Killed a manticore
 17180 | D:10     | Killed an oklob plant
 17242 | Lair:1   | Entered Level 1 of the Lair of Beasts
 18282 | Lair:1   | Noticed an oklob plant
 18892 | Lair:1   | Noticed a seven-headed hydra
 18904 | Lair:1   | Killed a seven-headed hydra
 18904 | Lair:1   | Reached XP level 12. HP: 47/88 MP: 16/25
 19398 | Lair:1   | Reached skill level 10 in Spellcasting
 19589 | Lair:2   | Noticed an eight-headed hydra
 19597 | Lair:2   | Killed an eight-headed hydra
 20206 | Lair:2   | You fall into a shaft and drop 2 floors!
 20209 | Lair:4   | Found a basalt altar of Yredelemnul.
 20751 | Lair:3   | Noticed an eight-headed hydra
 20978 | Lair:2   | Found a staircase to the Shoals.
 21375 | Lair:2   | Noticed a six-headed hydra
 21389 | Lair:2   | Killed a six-headed hydra
 22062 | Lair:2   | Found a hole to the Spider Nest.
 22168 | Lair:2   | Bought a potion of flight for 33 gold pieces
 22168 | Lair:2   | Bought a potion of curing for 33 gold pieces
 22168 | Lair:2   | Bought a potion of curing for 33 gold pieces
 22178 | Lair:2   | Gained mutation: You are partially covered in large bone
                  | plates. (SH +4) [potion of mutation]
 22178 | Lair:2   | Gained mutation: You are robust. (+10% HP) [potion of
                  | mutation]
 22557 | Lair:3   | Killed an eight-headed hydra
 22573 | Lair:3   | Reached XP level 13. HP: 68/107 MP: 16/27
 24710 | Lair:4   | Learned a level 3 spell: Ignite Poison
 25070 | Lair:5   | Found a staircase to the Slime Pits.
 25107 | Lair:5   | Found a viscous altar of Jiyva.
 25705 | Lair:6   | Entered Level 6 of the Lair of Beasts
 26028 | Lair:6   | Found a transporter.
 26032 | Lair:6   | Found a transporter.
 26076 | Lair:6   | Noticed Raghakhloru's ghost (journeyman TrAs)
 26786 | Lair:6   | Learned a level 5 spell: Fireball
 26886 | Lair:6   | Reached skill level 11 in Spellcasting
 27216 | Lair:6   | Found a burning altar of Makhleb.
 27236 | Lair:6   | Mangled by a sixfirhy

Levels and vault maps discovered:
D:1:      dpeg_arrival_tiny_c, layout_rooms
D:2:      layout_loops_ring, grunt_qazlal_clouds, old_standard_altar,
          nicolae_gozag_seed_capital
D:3:      minmay_inner_zag, layout_loops_ring
D:4:      layout_cave_pools, kennysheep_mini, first_ration
D:5:      minmay_spotlight, layout_rooms, minmay_temple_entry_butterflies,
          fountainhead
D:6:      layout_loops_ring, overflow_temple_1_default, kennysheep_boxes,
          uniq_prince_ribbit1
D:7:      layout_loops_corners, grunt_ministairs_4, the_bakery,
          nicolae_dithmenos_through_a_glass_darkly, uniq_pikel,
          uniq_crazy_yiuf_cottage
D:8:      layout_rooms, nicolae_overflow_crystal_walls
D:9:      layout_basic, gammafunk_temple_overflow_elements, old_standard_altar,
          uniq_grum
D:10:     gammafunk_wand_slinger, layout_irregular_city, dpeg_oklobed_lair,
          uniq_maurice
D:11:     layout_roguey
Lair:1:   layout_gridlike, chequers_serial_rivers_large_a,
          minmay_lair_oklob_chamber
Lair:2:   layout_regular_city, elwin_shoals_entry_stream,
          spider_nest_entry_funnel_web
Lair:3:   layout_long_grid, bobbens_dragon_lair_wall, grunt_megastairs_5
Lair:4:   wander_river, layout_cave_shapes, basic_altar
Lair:5:   layout_misc_corridors, slime_altar_1, infiniplex_staircase_pool
Lair:6:   evil_forest, layout_regular_city, gammafunk_ghost_hive

Skill      XL: |  1  2  3  4  5  6  7  8  9 10 11 12 13 |
---------------+----------------------------------------+-----
Conjurations   | 2 3 4 5 6 7 |  7.4
Summonings     | 2 3 4 5 6 7 |  7.4
Translocations | 2 3 4 5 6 7 |  7.4
Invocations    | 1 2 3 4 5 6 7 8 9 |  9.3
Fighting       | 1 2 3 4 5 6 7 8 |  8.5
Short Blades   | 1 2 3 4 5 6 7 8 |  8.5
Long Blades    | 1 2 3 4 5 6 7 8 |  8.5
Axes           | 1 2 3 4 5 6 7 8 |  8.5
Maces & Flails | 1 2 3 4 5 6 7 8 |  8.5
Polearms       | 1 2 3 4 5 6 7 8 |  8.5
Staves         | 1 2 3 4 5 6 7 8 |  8.5
Slings         | 1 2 3 4 5 6 7 8 |  8.5
Bows           | 1 2 3 4 5 6 7 8 |  8.5
Crossbows      | 1 2 3 4 5 6 7 8 |  8.5
Throwing       | 1 2 3 4 5 6 7 8 |  8.5
Armour         | 1 2 3 4 5 6 7 8 |  8.5
Shields        | 1 2 3 4 5 6 7 8 |  8.5
Unarmed Combat | 1 2 3 4 5 6 7 8 |  8.5
Evocations     | 1 2 3 4 5 6 7 8 |  8.5
Hexes          | 1 2 3 4 5 6 7 |  7.1
Charms         | 1 2 3 4 5 6 7 |  7.1
Necromancy     | 1 2 3 4 5 6 7 |  7.1
Transmutations | 1 2 3 4 5 6 7 |  7.1
Fire Magic     | 1 2 3 4 5 6 7 |  7.1
Ice Magic      | 1 2 3 4 5 6 7 |  7.1
Air Magic      | 1 2 3 4 5 6 7 |  7.1
Earth Magic    | 1 2 3 4 5 6 7 |  7.1
Poison Magic   | 1 2 3 4 5 6 7 |  7.1
Dodging        | 5 6 7 8 9 |  9.7
Stealth        | 5 6 7 8 9 |  9.5
Spellcasting   | 8 9 10 11 | 11.0

Action                   |  1- 3 |  4- 6 |  7- 9 | 10-12 | 13-15 || total
-------------------------+-------+-------+-------+-------+-------++-------
Melee: Dagger            |    10 |     7 |     2 |       |       ||    19
       Short sword       |       |     8 |       |       |       ||     8
       Hand axe          |       |    17 |   204 |     4 |       ||   225
       Punch             |       |       |     4 |     5 |       ||     9
       Bite              |       |       |    19 |    84 |    49 ||   152
       Long sword        |       |       |       |   232 |       ||   232
       Spear             |       |       |       |    24 |       ||    24
       Falchion          |       |       |       |   162 |    16 ||   178
       Flail             |       |       |       |   136 |   359 ||   495
 Cast: Magic Dart        |    72 |   163 |   186 |   109 |       ||   530
       Mephitic Cloud    |       |     5 |    34 |    81 |    22 ||   142
       Searing Ray       |       |       |     1 |     2 |       ||     3
       Conjure Flame     |       |       |    18 |    43 |       ||    61
       Blink             |       |       |     2 |     1 |       ||     3
       Dazzling Spray    |       |       |       |    34 |       ||    34
       Iskenderun's Myst |       |       |       |    85 |     2 ||    87
       Call Imp          |       |       |       |    68 |       ||    68
       Force Lance       |       |       |       |     3 |       ||     3
       Fireball          |       |       |       |       |     6 ||     6
       Ignite Poison     |       |       |       |       |     6 ||     6
Invok: Call Merchant     |       |       |     1 |     2 |     1 ||     4
Evoke: Wand              |       |       |       |     2 |     2 ||     4
  Use: Scroll            |       |       |    10 |     8 |     6 ||    24
       Potion            |       |       |     1 |     3 |       ||     4
 Stab: Confused          |       |       |    10 |    42 |     7 ||    59
       Sleeping          |       |       |     6 |     8 |    11 ||    25
       Invisible         |       |       |       |     2 |       ||     2
       Distracted        |       |       |       |     1 |     3 ||     4
  Eat: Ration            |       |     3 |     6 |    14 |     5 ||    28
Armor: Robe              |     5 |    14 |       |       |       ||    19
       Leather armour    |       |       |    72 |   105 |    97 ||   274
       Ring mail         |       |       |       |    72 |       ||    72
Dodge: Dodged            |    21 |    60 |   218 |   523 |   257 ||  1079
Block: Buckler           |       |       |       |   103 |   193 ||   296
       Rpst.: Long sword |       |       |       |    63 |       ||    63
       Falchion          |       |       |       |    21 |     6 ||    27
